 Dungeon Crawl Stone Soup version 0.19.1-1-g22dce08 (webtiles) character file.

58 theAP the Magician (level 3, -2/24 HPs)
             Began as a Mummy Wizard on Jan 3, 2017.
             Slain by an adder (3 damage)
             ... on level 3 of the Dungeon.
             The game lasted 00:07:51 (1938 turns).

theAP the Magician (Mummy Wizard)                   Turns: 1938, Time: 00:07:53

Health: -2/24      AC: 12    Str: 10    XL:     3   Next: 76%
Magic:  4/8        EV:  8    Int: 18    God:
Gold:   166        SH:  0    Dex: 10    Spells: 3 memorised, 4 levels left

rFire  x . .     SeeInvis .     (no weapon)
rCold  + . .     Gourm    .     f - +0 scale mail
rNeg   + + +     Faith    .     (no shield)
rPois  ∞         Spirit   .     e - +2 helmet
rElec  .         Reflect  .     d - +2 cloak
rCorr  .         Harm     .     (no gloves)
MR     .....                    (no boots)
Stlth  ..........               (no amulet)
                                (no ring)
                                (no ring)

@: very slightly contaminated
A: no food or potions, fire vulnerability, cold resistance 1, negative energy
resistance 3, torment resistance, unbreathing
a: no special abilities


You were on level 3 of the Dungeon.
You were not hungry.

You visited 1 branch of the dungeon, and saw 3 of its levels.

You collected 166 gold pieces.

Inventory:

Armour
 a - a +1 robe
 b - a +2 hat
 d - a +2 cloak (worn)
 e - a +2 helmet (worn)
 f - a +0 scale mail (worn)
Books
 c - a book of Minor Magic

   Spells                             Type                      Level
   a - Magic Dart                     Conjuration                  1
   b - Blink                          Translocation                2
   c - Call Imp                       Summoning                    2
   d - Repel Missiles                 Charms/Air                   2
   e - Slow                           Hexes                        2
   f - Conjure Flame                  Conjuration/Fire             3
   g - Mephitic Cloud                 Conjuration/Poison/Air       3


   Skills:
 - Level 1.5 Dodging
 - Level 1.6 Stealth
 + Level 3.5 Spellcasting
 * Level 2.4 Conjurations
 - Level 0.7 Summonings
 - Level 0.7 Translocations


You had 4 spell levels left.
You knew the following spells:

 Your Spells              Type           Power        Failure   Level  Hunger
a - Magic Dart            Conj           ##..         47%         1    N/A
b - Call Imp              Summ           #.......     95%         2    N/A
c - Blink                 Tloc           N/A          95%         2    N/A

Dungeon Overview and Level Annotations

Branches:
Dungeon (3/15)

Altars:


Innate Abilities, Weirdness & Mutations

You do not eat or drink.
Your flesh is vulnerable to fire.
You are immune to poison.
Your flesh is cold resistant. (rC+)
You are immune to negative energy. (rN+++)
You are immune to unholy pain and torment.
You can survive without breathing.


Message History

* * * LOW HITPOINT WARNING * * *
The orc wizard casts a spell at you. The magic dart hits you!
The orc barely misses you.
The orc wizard hits you but does no damage.
The orc hits you but does no damage. The adder bites you but does no damage.
You see here an adder corpse.
The orc wizard mumbles some strange words.
The orc wizard blinks!
The adder barely misses you. x2
The orc wizard gestures wildly while chanting.
The orc wizard blinks!
The adder closely misses you. The adder bites you but does no damage.
The adder bites you.
* * * LOW HITPOINT WARNING * * *
The adder closely misses you. The adder bites you but does no damage.
The adder barely misses you. The adder bites you.
You die...

#...........#
#...........#
#...........#
#...........#
#...........#
###..ooo.......
#..............
#.#....SS.....#
#.#####@#######
###


You could see 2 adders and 3 orcs.

Vanquished Creatures
  An adder (D:3)
  An ooze (D:2)
  3 dart slugs
  A leopard gecko (D:2)
  An orc (D:3)
  6 goblins
  4 hobgoblins
  2 quokkas
  3 bats
  5 frilled lizards
  8 kobolds
  5 rats
40 creatures vanquished.

Notes
Turn   | Place    | Note
-------+----------+-------------------------------------------
     0 | D:1      | theAP the Mummy Wizard began the quest for the Orb.
     0 | D:1      | Reached XP level 1. HP: 13/13 MP: 4/4
   119 | D:1      | Reached skill level 1 in Conjurations
   305 | D:1      | Reached XP level 2. HP: 17/19 MP: 0/6
  1145 | D:2      | Reached XP level 3. HP: 15/24 MP: 2/7
  1149 | D:2      | Learned a level 2 spell: Call Imp
  1152 | D:2      | Learned a level 2 spell: Blink
  1239 | D:2      | Found a faded altar of an unknown god.
  1932 | D:3      | HP: 1/24 [adder (2)]
  1938 | D:3      | Slain by an adder

Skill      XL: |  1  2  3 |
---------------+----------+-----
Conjurations   | 1 2 |  2.4
Dodging        | |  1.5
Stealth        | |  1.6
Spellcasting   | |  3.5
Summonings     | |  0.7
Translocations | |  0.7

Action                   || total
-------------------------++-------
Melee: Unarmed           ||    77
 Cast: Magic Dart        ||    90
  Use: Scroll            ||    10
Armor: Robe              ||    10
       Scale mail        ||    25
Dodge: Dodged            ||    59
